[Event "Titled Tuesday Blitz July 18 Early 2023"]
[White "Floresvillar Gonzalez, Luis Migu"]
[Black "Sahib Singh"]
[WhiteFideId "5100542"]
[BlackFideId "25618342"]
[WhiteElo "2078"]
[BlackElo "2641"]
[Result "0-1"]
[Round "2"]
[TimeControl "180+2"]
[Date "2023.07.18"]
[WhiteClock "0:00:00"]
[BlackClock "0:00:27"]
[Board "101"]

1. d4 d5 2. c3 Nf6 3. Nf3 g6 4. Bg5 Bg7 5. e3 O-O 6. Bd3 Ne4 7. Nbd2 Nxg5 8. Nxg5 e5 9. h4 h6 10. Nh3 e4 11. Be2 Qxh4 12. Qb3 c6 13. g3 Qe7 14. O-O-O a5 15. a4 Nd7 16. Nf4 Nf6 17. c4 Rd8 18. Kb1 Bg4 19. Bxg4 Nxg4 20. Rdf1 Nf6 21. Rc1 g5 22. Nh5 Nxh5 23. Rxh5 Qf6 24. Rh2 Qe7 25. c5 Qe6 26. Rf1 Qg6 27. Ka2 Rdb8 28. f4 b5 29. axb5 Rxb5 30. Qa3 gxf4 31. gxf4 Rab8 32. b3 Qf5 33. Rff2 Kh7 34. Rfg2 Bxd4 35. exd4 e3 36. Nf3 f6 37. Re2 Rxb3 38. Qxb3 Rxb3 39. Kxb3 Qxf4 0-1


[Site "https://www.chess.com"]

[Event "Titled Tuesday Blitz July 18 Early 2023"]
[White "Jeet, Jain"]
[Black "Skiadopoulos, Nikolaos"]
[WhiteFideId "5073022"]
[BlackFideId "4200772"]
[WhiteElo "2641"]
[BlackElo "1905"]
[Result "1-0"]
[Round "2"]
[TimeControl "180+2"]
[Date "2023.07.18"]
[WhiteClock "0:01:42"]
[BlackClock "0:00:37"]
[Board "102"]

1. Nf3 c5 2. e3 Nc6 3. b3 e5 4. d3 Be7 5. Bb2 Bf6 6. e4 Nge7 7. g4 h6 8. h4 Ng6 9. h5 Nf4 10. Nc3 d5 11. exd5 Nb4 12. Rg1 Nbxd5 13. Nxd5 Qxd5 14. Nd2 Be6 15. Ne4 Bh4 16. Qf3 b6 17. c4 Qd8 18. Bxe5 1-0


[Site "https://www.chess.com"]

[Event "Titled Tuesday Blitz July 18 Early 2023"]
[White "Shimanov, Aleksandr"]
[Black "Goughfather"]
[WhiteFideId "4198603"]
[WhiteElo "3005"]
[BlackElo "2018"]
[Result "1-0"]
[Round "2"]
[TimeControl "180+2"]
[Date "2023.07.18"]
[WhiteClock "0:00:23"]
[BlackClock "0:00:00"]
[Board "103"]

1. e4 c6 2. d3 d5 3. Bf4 dxe4 4. dxe4 Qxd1+ 5. Kxd1 f6 6. Nd2 e5 7. Be3 Be6 8. a4 Nd7 9. Bc4 Kf7 10. Ngf3 Bc5 11. Ke2 Ne7 12. a5 Nc8 13. c3 Nd6 14. Bxe6+ Kxe6 15. b4 Bxe3 16. Kxe3 a6 17. Rhd1 Rhd8 18. Ne1 c5 19. Nd3 c4 20. Nb2 Rac8 21. f3 Rc6 22. Ke2 Rdc8 23. Nf1 g6 24. Rd2 f5 25. exf5+ gxf5 26. Rad1 f4 27. Kf2 Nf6 28. Na4 Nb5 29. g3 Rd6 30. Rxd6+ Nxd6 31. gxf4 exf4 32. Nc5+ Ke7 33. Nd2 Rg8 34. Re1+ Kf7 35. Re6 Nf5 36. Nxc4 Ne3 37. Nxe3 fxe3+ 38. Rxe3 Nd5 39. Rd3 Nf4 40. Rd4 Rg2+ 41. Kf1 Rc2 42. Rxf4+ 1-0


[Site "https://www.chess.com"]

[Event "Titled Tuesday Blitz July 18 Early 2023"]
[White "Zemlyanskii, Ivan"]
[Black "Keleberda, Tymur"]
[WhiteFideId "24249971"]
[BlackFideId "14174294"]
[WhiteElo "2871"]
[BlackElo "2516"]
[Result "1-0"]
[Round "2"]
[TimeControl "180+2"]
[Date "2023.07.18"]
[WhiteClock "0:00:11"]
[BlackClock "0:00:02"]
[Board "104"]

1. d4 Nf6 2. c4 e6 3. Bf4 d5 4. Nc3 Bd6 5. Bg3 O-O 6. e3 b6 7. cxd5 Nxd5 8. Bd3 Bb7 9. Nf3 h6 10. O-O Bxg3 11. hxg3 Nxc3 12. bxc3 Nd7 13. a4 c5 14. a5 bxa5 15. Bb5 Nf6 16. Qa4 Nd5 17. Rfc1 cxd4 18. cxd4 Qe7 19. Qxa5 Rfc8 20. Ne5 Qb4 21. Rxc8+ Rxc8 22. Qxb4 Nxb4 23. Rxa7 Rc1+ 24. Kh2 Be4 25. Rxf7 Rc2 26. Rf4 Bf5 27. g4 g5 28. Rf3 Be4 29. Rf7 Nd5 30. Bd7 Nxe3 31. fxe3 Rxg2+ 32. Kh3 Re2 33. Bxe6 Rxe3+ 34. Kh2 Kh8 35. Bf5 Re2+ 36. Kg1 Bd5 37. Re7 Rg2+ 38. Kf1 Rd2 39. Rd7 Bb3 40. d5 Rxd5 41. Ng6+ Kg8 42. Be6# 1-0


[Site "https://www.chess.com"]

[Event "Titled Tuesday Blitz July 18 Early 2023"]
[White "Wartiovaara, Oliver"]
[Black "Bachmann, Axel"]
[WhiteFideId "513024"]
[BlackFideId "3700488"]
[WhiteElo "2480"]
[BlackElo "2793"]
[Result "0-1"]
[Round "2"]
[TimeControl "180+2"]
[Date "2023.07.18"]
[WhiteClock "0:01:49"]
[BlackClock "0:02:02"]
[Board "105"]

1. e4 e5 2. Nf3 Nf6 3. Nxe5 d6 4. Nd3 Nxe4 5. Qe2 Qe7 6. Nf4 Nf6 7. d4 Bf5 8. c3 d5 9. f3 h6 10. Qxe7+ Bxe7 11. Kf2 c5 12. dxc5 Bxc5+ 13. Be3 Bxe3+ 14. Kxe3 Nc6 15. Bd3 Bxd3 16. Kxd3 O-O-O 17. Ne2 Rhe8 18. Nd2 Ne5+ 19. Ke3 Nc4+ 0-1


[Site "https://www.chess.com"]

[Event "Titled Tuesday Blitz July 18 Early 2023"]
[White "Cheer_Down"]
[Black "Stribuk, Artiom"]
[BlackFideId "13515659"]
[WhiteElo "2448"]
[BlackElo "2780"]
[Result "0-1"]
[Round "2"]
[TimeControl "180+2"]
[Date "2023.07.18"]
[WhiteClock "0:00:01"]
[BlackClock "0:00:12"]
[Board "106"]

1. e4 c5 2. Nf3 d6 3. d4 cxd4 4. Nxd4 Nf6 5. Nc3 Nc6 6. f3 e5 7. Nb3 Be7 8. Be3 Be6 9. Nd5 O-O 10. c4 Nd7 11. Bd3 Bg5 12. Qd2 Bxe3 13. Qxe3 a5 14. O-O a4 15. Nc1 Nc5 16. Ne2 Ne7 17. Rab1 Nxd5 18. cxd5 Bd7 19. Rfc1 Qa5 20. a3 Rfc8 21. Rc3 h6 22. h4 b5 23. Bc2 b4 24. axb4 Qxb4 25. f4 f6 26. fxe5 fxe5 27. Kh2 Rf8 28. Ng3 Rf4 29. Kg1 Rxh4 30. Bd1 Rf8 31. Bf3 Rhf4 32. Nh5 R4f7 33. Qf2 Kh7 34. Qg3 g6 35. Qh4 Qd4+ 36. Kh1 gxh5 37. Bxh5 Rf1+ 38. Rxf1 Rxf1+ 39. Kh2 Qg1+ 40. Kg3 Qf2+ 41. Kh2 Qxh4+ 0-1


[Site "https://www.chess.com"]

[Event "Titled Tuesday Blitz July 18 Early 2023"]
[White "LangesNasenhaar"]
[Black "Ashraf, Artin"]
[BlackFideId "22514805"]
[WhiteElo "2442"]
[BlackElo "2734"]
[Result "1/2-1/2"]
[Round "2"]
[TimeControl "180+2"]
[Date "2023.07.18"]
[WhiteClock "0:00:05"]
[BlackClock "0:00:06"]
[Board "107"]

1. d4 d5 2. Nc3 Nc6 3. Bf4 Bf5 4. f3 e6 5. e4 Bg6 6. Bb5 Ne7 7. h4 h6 8. h5 Bh7 9. Nge2 a6 10. Ba4 b5 11. Bb3 Na5 12. exd5 Nxb3 13. axb3 b4 14. Ne4 Nxd5 15. Be5 f6 16. Bg3 Bd6 17. Qd3 O-O 18. Bxd6 cxd6 19. Rxa6 Rxa6 20. Qxa6 Qc7 21. Qxd6 Qxd6 22. Nxd6 Bxc2 23. Kf2 Bxb3 24. Rc1 Rd8 25. Rc8 Rxc8 26. Nxc8 Bc4 27. g3 Kf8 28. Nd6 Bd3 29. Nb7 Kf7 30. Nc5 Bc2 31. Ne4 Ke7 32. Nc1 Nb6 33. Nd2 Kd6 34. b3 Nd5 35. Nc4+ Kc6 36. Ne3 Nxe3 37. Kxe3 Kd5 38. Nd3 Bxb3 39. Nxb4+ Kd6 40. Nd3 Bc2 41. Nf4 Bf5 42. g4 Bh7 43. Ne2 Kd5 44. Nf4+ Kd6 45. Ne2 Bc2 46. Nf4 Ba4 47. Nd3 Bb5 48. Nf4 Bc6 49. Nh3 Kd5 50. Nf4+ Kd6 51. Nh3 e5 52. dxe5+ Kxe5 53. Nf2 f5 54. Nd3+ Kf6 55. Kf4 Bb5 56. Ne5 fxg4 57. fxg4 Be2 58. Ng6 Bd3 59. Ne5 Bb5 60. Nf3 Bc6 61. Ne5 Bd5 62. Nd3 Bc4 63. Ne5 Be2 64. Nd7+ Ke7 65. Ne5 Ke6 66. Nc6 Kd5 67. Ne7+ Ke6 68. Nf5 Kf6 69. Nd6 Bd3 70. Ne8+ Kf7 71. Nd6+ Ke6 72. Ne4 Kd5 73. Ng3 Ke6 74. g5 Bc2 75. gxh6 gxh6 76. Kg4 Bd1+ 77. Kh4 Ke5 78. Nf1 Kf4 79. Nd2 Be2 80. Nb3 Ke5 81. Nc5 Bb5 82. Nb3 Kf4 83. Nd4 Bc4 84. Nc6 Ke4 85. Ne7 Ke5 86. Nc6+ Kd6 87. Nd4 Ke5 88. Nc6+ Kf4 89. Ne7 Bd3 90. Ng8 Be2 91. Nxh6 Bxh5 1/2-1/2


[Site "https://www.chess.com"]

[Event "Titled Tuesday Blitz July 18 Early 2023"]
[White "Smirnov, Pavel"]
[Black "Gaal, Zsoka"]
[WhiteFideId "4123425"]
[BlackFideId "777765"]
[WhiteElo "2715"]
[BlackElo "2427"]
[Result "1-0"]
[Round "2"]
[TimeControl "180+2"]
[Date "2023.07.18"]
[WhiteClock "0:01:30"]
[BlackClock "0:00:22"]
[Board "108"]

1. d4 f5 2. g3 Nf6 3. Bg2 g6 4. Nf3 Bg7 5. O-O O-O 6. c4 d6 7. Nc3 c6 8. b3 Nbd7 9. Ba3 Qc7 10. Re1 a5 11. e4 fxe4 12. Nxe4 Nxe4 13. Rxe4 Nf6 14. Re3 a4 15. Qe2 Re8 16. Re1 axb3 17. Rxb3 Bf5 18. Nh4 Bg4 19. Bf3 Bxf3 20. Nxf3 e5 21. dxe5 dxe5 22. Ng5 e4 23. Reb1 Qe5 24. Nh3 Qf5 25. Kg2 e3 26. Rf1 exf2 27. Qxf2 Qe4+ 28. Qf3 Qxc4 29. Rxb7 Re2+ 30. Rf2 Rxf2+ 31. Nxf2 Qxa2 32. Bb2 Rf8 33. Ng4 Nh5 34. Rxg7+ Nxg7 35. Nh6+ 1-0


[Site "https://www.chess.com"]

[Event "Titled Tuesday Blitz July 18 Early 2023"]
[White "favesaul"]
[Black "Aldokhin, Ivan"]
[BlackFideId "24115720"]
[WhiteElo "2412"]
[BlackElo "2657"]
[Result "0-1"]
[Round "2"]
[TimeControl "180+2"]
[Date "2023.07.18"]
[WhiteClock "0:00:09"]
[BlackClock "0:00:54"]
[Board "109"]

1. e4 c5 2. Nf3 e6 3. d4 cxd4 4. Nxd4 a6 5. Nd2 Nc6 6. c3 Nxd4 7. cxd4 Nf6 8. Bd3 d6 9. O-O Be7 10. b3 b5 11. Bb2 Bb7 12. Qe2 O-O 13. f4 Qb6 14. Kh1 Rac8 15. d5 exd5 16. e5 dxe5 17. fxe5 Ne4 18. Nxe4 dxe4 19. Bxe4 Bxe4 20. Qxe4 Rfd8 21. Qf4 Qg6 22. Rf2 Rc2 23. Bd4 Bg5 24. Qg4 h5 25. Qf3 Rxd4 26. Raf1 Rxf2 27. Qxf2 Rf4 0-1


[Site "https://www.chess.com"]

[Event "Titled Tuesday Blitz July 18 Early 2023"]
[White "TomLiu777"]
[Black "Goryachkina, Aleksandra"]
[BlackFideId "4147103"]
[WhiteElo "2351"]
[BlackElo "2653"]
[Result "0-1"]
[Round "2"]
[TimeControl "180+2"]
[Date "2023.07.18"]
[WhiteClock "0:00:00"]
[BlackClock "0:00:03"]
[Board "110"]

1. c4 Nf6 2. Nc3 c5 3. g3 g6 4. Bg2 Bg7 5. a3 Nc6 6. Rb1 a5 7. d3 O-O 8. Nh3 d6 9. Nf4 Bd7 10. O-O e6 11. e4 Qe7 12. Be3 Rab8 13. h3 Ne8 14. Nfe2 Nc7 15. Qd2 b5 16. b3 b4 17. axb4 axb4 18. Nd1 Rfd8 19. d4 cxd4 20. Nxd4 Nxd4 21. Bxd4 e5 22. Ba7 Rb7 23. Be3 Ne6 24. Nb2 Nc5 25. Bxc5 dxc5 26. Qe2 Be6 27. Nd1 Rbd7 28. Ne3 Rd2 29. Qe1 R2d3 30. Nd5 Bxd5 31. cxd5 Bh6 32. Qe2 Rc3 33. Rfd1 Qd6 34. Bf1 c4 35. bxc4 Qc5 36. Kg2 b3 37. Rb2 Rd6 38. Rdb1 Rb6 39. Qd1 Kg7 40. Rxb3 Rbxb3 41. Rxb3 Rc1 42. Qf3 Qc7 43. Rd3 Qd6 44. Rb3 Qc7 45. Rd3 Qd6 46. Rd1 Rc2 47. Bd3 Rb2 48. Bf1 Bg5 49. h4 Bd8 50. h5 Bb6 51. Be2 Bd4 52. h6+ Kf8 53. Ra1 Rb8 54. Ra7 Bxa7 55. Bd3 Bc5 56. Be2 Ke7 57. Qg4 Rb2 58. Qg5+ Qf6 59. Qg4 Qxf2+ 60. Kh3 Rxe2 61. d6+ Bxd6 62. Qg5+ f6 0-1


[Site "https://www.chess.com"]

[Event "Titled Tuesday Blitz July 18 Early 2023"]
[White "Jiang, Andrew"]
[Black "Tregubov, Pavel V."]
[WhiteFideId "30953510"]
[BlackFideId "4115341"]
[WhiteElo "2358"]
[BlackElo "2639"]
[Result "1-0"]
[Round "2"]
[TimeControl "180+2"]
[Date "2023.07.18"]
[WhiteClock "0:00:01"]
[BlackClock "0:00:00"]
[Board "111"]

1. e4 e6 2. d4 d5 3. Bd3 dxe4 4. Bxe4 Nf6 5. Bf3 Bd6 6. Ne2 Nbd7 7. c4 e5 8. Nbc3 c6 9. O-O O-O 10. Bg5 h6 11. Bxf6 Nxf6 12. d5 Qc7 13. dxc6 bxc6 14. Nb5 cxb5 15. Bxa8 bxc4 16. Nc3 e4 17. Nxe4 Bxh2+ 18. Kh1 Be5 19. Nxf6+ Bxf6 20. Qf3 Bxb2 21. Rae1 c3 22. Be4 c2 23. Rc1 Bxc1 24. Rxc1 Be6 25. Rxc2 Qe5 26. Re2 Qg5 27. Qe3 Qh5+ 28. Kg1 Rc8 29. Bd3 Qh4 30. g3 Qa4 31. Bb1 Rd8 32. Kh2 Qa5 33. Kg2 Bd5+ 34. Kg1 Be6 35. Kg2 Qd5+ 36. Be4 Qh5 37. Bc2 Bd5+ 38. f3 Be6 39. g4 Qa5 40. Qe4 g6 41. Bd3 Qg5 42. Re3 Rb8 43. Kg3 Rb2 44. Qa8+ Kg7 45. Re4 h5 46. Qxa7 1-0


[Site "https://www.chess.com"]

[Event "Titled Tuesday Blitz July 18 Early 2023"]
[White "Dwilewicz, Katarzyna"]
[Black "Vaibhav Jayant Raut"]
[WhiteFideId "1148486"]
[BlackFideId "5089034"]
[WhiteElo "2312"]
[BlackElo "2612"]
[Result "1-0"]
[Round "2"]
[TimeControl "180+2"]
[Date "2023.07.18"]
[WhiteClock "0:00:07"]
[BlackClock "0:00:00"]
[Board "112"]

1. e4 c5 2. Nf3 d6 3. d4 cxd4 4. Nxd4 Nf6 5. Nc3 Nc6 6. g3 g6 7. Bg2 Bd7 8. O-O Bg7 9. h3 Rc8 10. Nxc6 Bxc6 11. Re1 O-O 12. Be3 Nd7 13. Bd4 Bxd4 14. Qxd4 Qb6 15. Rad1 Ne5 16. Qxb6 axb6 17. b3 b5 18. Re2 b4 19. Nd5 Bxd5 20. Rxd5 Rc5 21. f4 Nc6 22. Rxc5 dxc5 23. Rd2 Nd4 24. e5 Ra8 25. Bxb7 Rxa2 26. Be4 Kg7 27. Rf2 f5 28. exf6+ exf6 29. Kg2 h5 30. Bd3 h4 31. gxh4 Kf7 32. Kg3 Ra1 33. Rg2 Re1 34. Kf2 Rh1 35. Bxg6+ Kf8 36. Rg3 Rc1 37. Bd3 Nxc2 38. Bxc2 Rxc2+ 39. Ke1 c4 40. h5 cxb3 41. Rxb3 Rc5 42. Rxb4 Rxh5 43. Rb3 Kf7 44. Kf2 Rc5 45. Kf3 Kg6 46. Re3 Kf5 47. Rb3 Ra5 48. Re3 Ra4 49. Rb3 Rxf4+ 50. Kg3 Rc4 51. Rf3+ Kg5 52. Rd3 Rb4 53. Re3 f5 54. Rc3 Rd4 55. Ra3 Rb4 56. Rc3 Ra4 57. Rd3 Ra5 58. Rc3 Re5 59. Rb3 Re7 60. Rc3 Rb7 61. Ra3 Rb1 62. Rc3 Rg1+ 63. Kf2 Ra1 64. Rg3+ Kf4 65. Rf3+ Ke4 66. Re3+ Kd4 67. Rf3 Ra5 68. Rf4+ Ke5 69. Rf3 Ra2+ 70. Kg3 Ra4 71. Re3+ Kf6 72. Rc3 Kg5 73. Rb3 Ra1 74. Rf3 Rg1+ 75. Kf2 Rc1 76. Kg3 Rc4 77. Ra3 Rc5 78. Kf3 Kh4 79. Kg2 Rc2+ 80. Kg1 Re2 81. Rf3 Kg5 82. Rf2 Re3 83. Kg2 f4 84. Rf3 Re2+ 85. Rf2 Re4 86. Rf3 Kh4 87. Kf2 Ra4 88. Kg2 Ra2+ 89. Rf2 Ra4 90. Rf3 Rb4 91. Rf2 Rb2 92. Rxb2 1-0


[Site "https://www.chess.com"]

[Event "Titled Tuesday Blitz July 18 Early 2023"]
[White "Belov, Alexei"]
[Black "Schut, Han"]
[WhiteFideId "4128206"]
[BlackFideId "1005561"]
[WhiteElo "2609"]
[BlackElo "2312"]
[Result "1-0"]
[Round "2"]
[TimeControl "180+2"]
[Date "2023.07.18"]
[WhiteClock "0:01:12"]
[BlackClock "0:00:04"]
[Board "113"]

1. e4 c5 2. Nf3 d6 3. d4 cxd4 4. Nxd4 Nf6 5. Nc3 a6 6. Be2 e5 7. Nb3 Be7 8. O-O Be6 9. f4 Qc7 10. f5 Bc4 11. Kh1 Nbd7 12. a4 b6 13. Rg1 Bxe2 14. Qxe2 Qc6 15. Qf3 Rc8 16. Be3 h5 17. h3 Ng4 18. Rgd1 Nxe3 19. Qxe3 Nf6 20. Nc1 h4 21. Nd3 a5 22. Rac1 Rd8 23. Nf2 d5 24. exd5 Nxd5 25. Qxe5 Nxc3 26. Rxd8+ Kxd8 27. bxc3 f6 28. Qb8+ 1-0


[Site "https://www.chess.com"]

[Event "Titled Tuesday Blitz July 18 Early 2023"]
[White "brm72"]
[Black "Polanco Nunez, Yoel Estarling"]
[BlackFideId "6401783"]
[WhiteElo "2601"]
[BlackElo "2263"]
[Result "1-0"]
[Round "2"]
[TimeControl "180+2"]
[Date "2023.07.18"]
[WhiteClock "0:00:45"]
[BlackClock "0:00:20"]
[Board "114"]

1. e4 e5 2. Nf3 Nc6 3. d4 exd4 4. Nxd4 Bc5 5. Nb3 Bb6 6. Qe2 Nge7 7. Nc3 O-O 8. Be3 d6 9. O-O-O f5 10. f4 Bxe3+ 11. Qxe3 a5 12. a3 fxe4 13. Nxe4 Nf5 14. Qd2 a4 15. Bc4+ Kh8 16. Na1 Na5 17. Ba2 Nc6 18. Kb1 Ncd4 19. g4 Nf3 20. Qc3 N5h4 21. f5 Qe7 22. Ng3 c6 23. Qb4 c5 24. Qf4 Ne5 25. Rhe1 Ng2 26. Qe4 Nxe1 27. Rxe1 Qg5 28. h3 Bd7 29. Qd5 Qf4 30. Nh5 Qf2 31. Rd1 g6 32. fxg6 hxg6 33. Qxd6 Rae8 34. c3 gxh5 35. Qh6# 1-0


[Site "https://www.chess.com"]

[Event "Titled Tuesday Blitz July 18 Early 2023"]
[White "Holtel, Jasper"]
[Black "Przybylski, Wojciech"]
[WhiteFideId "12956376"]
[BlackFideId "1117599"]
[WhiteElo "2309"]
[BlackElo "2582"]
[Result "0-1"]
[Round "2"]
[TimeControl "180+2"]
[Date "2023.07.18"]
[WhiteClock "0:00:00"]
[BlackClock "0:00:27"]
[Board "115"]

1. e4 e5 2. Nf3 Nf6 3. Nxe5 d6 4. Nf3 Nxe4 5. Nc3 Nxc3 6. dxc3 Be7 7. Bf4 O-O 8. Qd2 Nd7 9. O-O-O Nc5 10. h4 c6 11. Kb1 Re8 12. Bxd6 Bxd6 13. Qxd6 Qxd6 14. Rxd6 Ne4 15. Rd4 Nxf2 16. Rg1 Bg4 17. Bc4 b5 18. Bb3 Re7 19. a4 c5 20. Rd5 c4 21. Ba2 bxa4 22. Bxc4 a3 23. bxa3 Ne4 24. Kb2 Rc8 25. Bb3 Nxc3 26. Rg5 h5 27. Ne5 Ne4 28. Nxf7 Rxf7 29. Bxf7+ Kxf7 30. Ra5 Rb8+ 31. Ka2 Nc3+ 32. Ka1 Bd1 33. Rxa7+ Kg8 34. Rxd1 Nxd1 35. Rc7 Nb2 36. Ka2 Na4 37. Rc4 Ra8 38. Kb3 Nb6 39. Rb4 Nd5 40. Rb5 Nf4 41. Rf5 Nxg2 42. Rxh5 Rb8+ 43. Ka2 Ne3 44. c3 Nc4 45. a4 Rb2+ 46. Ka1 Rb3 47. Rc5 Ra3+ 48. Kb1 Rxa4 49. Kc2 Kf7 50. Kb3 Nb6 51. Rb5 Ra6 52. Kb4 Nd7 53. Rb7 Ke6 54. c4 Rb6+ 55. Rxb6+ Nxb6 56. Kb5 Nd7 57. c5 Ne5 58. h5 Kd5 59. Kb6 Nc6 60. Kc7 Kxc5 61. Kd7 Kd5 62. Ke8 Ke6 63. Kf8 Kf6 64. Kg8 Ne7+ 65. Kh7 Nf5 66. Kh8 Kg5 67. Kh7 Kxh5 0-1


[Site "https://www.chess.com"]

[Event "Titled Tuesday Blitz July 18 Early 2023"]
[White "musclemonster12"]
[Black "Ratnesan, Ranesh"]
[BlackFideId "439339"]
[WhiteElo "2568"]
[BlackElo "2233"]
[Result "0-1"]
[Round "2"]
[TimeControl "180+2"]
[Date "2023.07.18"]
[WhiteClock "0:00:07"]
[BlackClock "0:00:14"]
[Board "116"]

1. c4 Nf6 2. Nc3 e6 3. Nf3 d5 4. e3 Be7 5. b3 O-O 6. Bb2 c5 7. cxd5 exd5 8. d4 Nc6 9. Bb5 Bg4 10. Be2 a6 11. O-O Ne4 12. h3 Bxf3 13. Bxf3 cxd4 14. Nxe4 dxe4 15. Bxe4 dxe3 16. Qh5 g6 17. Qh6 exf2+ 18. Rxf2 Nd4 19. Rd1 Bc5 20. Kh1 f5 21. Bxb7 Ra7 22. Bf3 Rd7 23. Rfd2 Qf6 24. b4 Bb6 25. Qf4 Rfd8 26. a4 g5 27. Qg3 h6 28. b5 a5 29. Bc6 Rd6 30. Bc3 h5 31. Rd3 h4 32. Qe1 f4 33. Qd2 f3 34. Rf1 fxg2+ 35. Qxg2 Qg6 36. Be4 Qg7 37. Rg1 R8d7 38. Qxg5 Qxg5 39. Rxg5+ Rg7 40. Rxg7+ Kxg7 41. Bc6 Kf6 42. Kg2 Ke5 43. Re3+ Kf4 44. Rf3+ Nxf3 45. Bxf3 Rd3 46. Be1 Rxf3 47. Bd2+ Ke4 0-1


[Site "https://www.chess.com"]

[Event "Titled Tuesday Blitz July 18 Early 2023"]
[White "Thiel, Thomas"]
[Black "Ganiev, Roman"]
[WhiteFideId "4615964"]
[BlackFideId "4131452"]
[WhiteElo "2235"]
[BlackElo "2563"]
[Result "0-1"]
[Round "2"]
[TimeControl "180+2"]
[Date "2023.07.18"]
[WhiteClock "0:00:00"]
[BlackClock "0:00:44"]
[Board "117"]

1. e4 c5 2. Nc3 d6 3. f4 g6 4. Nf3 Bg7 5. Bc4 e6 6. O-O Nc6 7. f5 Nf6 8. fxe6 Bxe6 9. Bxe6 fxe6 10. d3 Qe7 11. e5 dxe5 12. Bg5 h6 13. Bxf6 Bxf6 14. Ne4 Bg7 15. Nfd2 O-O-O 16. Nc4 Rhf8 17. Qg4 g5 18. Rxf8 Rxf8 19. Rf1 Rf4 20. Qe2 Nd4 21. Qd2 b6 22. c3 Nc6 23. Qe2 Kc7 24. g3 Rxf1+ 25. Qxf1 Qf8 26. Qxf8 Bxf8 27. Kg2 Be7 28. Kf3 h5 29. Nf2 b5 30. Nd2 g4+ 31. Ke2 a5 32. h3 gxh3 33. Nxh3 a4 34. a3 Kb6 35. Kf3 Bf8 36. Ke4 Bh6 37. Nb1 Bc1 38. Nf2 Bxb2 39. Nd1 Bc1 40. Nf2 b4 41. cxb4 cxb4 42. axb4 a3 43. Nxa3 Bxa3 44. g4 hxg4 45. Nxg4 Bb2 46. Nf6 Bd4 47. Nd7+ Kb5 48. Nf8 Kxb4 49. Nxe6 Kc3 0-1


[Site "https://www.chess.com"]

[Event "Titled Tuesday Blitz July 18 Early 2023"]
[White "Molina, Roberto Junio Brito"]
[Black "robertoalejandro10"]
[WhiteFideId "2109450"]
[WhiteElo "2900"]
[BlackElo "2545"]
[Result "1/2-1/2"]
[Round "2"]
[TimeControl "180+2"]
[Date "2023.07.18"]
[WhiteClock "0:00:08"]
[BlackClock "0:00:06"]
[Board "118"]

1. e4 c5 2. Nf3 g6 3. d4 cxd4 4. Nxd4 Bg7 5. Nc3 Nc6 6. Be3 Nf6 7. Bc4 O-O 8. Bb3 d5 9. exd5 Na5 10. Nde2 Nxb3 11. axb3 b6 12. O-O Bb7 13. Nf4 Qd7 14. Qf3 Ng4 15. Rad1 Nxe3 16. fxe3 Rac8 17. e4 Qc7 18. Nfe2 Ba6 19. Rf2 Bxe2 20. Rxe2 Bxc3 21. bxc3 Qxc3 22. Qxc3 Rxc3 23. Rd3 Rxd3 24. cxd3 Rc8 25. Ra2 a5 26. b4 axb4 27. Rb2 Rc3 28. Rxb4 Rxd3 29. Kf2 Rd2+ 30. Kf3 Rd3+ 31. Ke2 Ra3 32. Rxb6 Kg7 33. Kf2 Rc3 34. h4 h5 35. g3 Ra3 36. Rc6 Rb3 37. Ra6 Rc3 38. Rb6 Ra3 39. Rb7 Kf6 40. e5+ Kxe5 41. Rxe7+ Kf6 42. Re2 Rd3 43. Kg2 Rxd5 44. Rf2+ Rf5 45. Ra2 Re5 46. Ra6+ Kf5 47. Ra2 f6 48. Rf2+ Ke6 49. Ra2 g5 50. hxg5 fxg5 51. Kf3 Kf5 52. g4+ hxg4+ 53. Kg3 Re3+ 54. Kg2 Re4 55. Ra5+ Kf4 56. Ra2 g3 57. Rb2 Kg4 58. Rc2 Rf4 59. Kg1 Kh3 60. Rc8 Rd4 61. Rh8+ Kg4 62. Rb8 Rd1+ 63. Kg2 Rd2+ 64. Kg1 Re2 65. Ra8 Kf3 66. Rf8+ Kg4 67. Rg8 Ra2 68. Rf8 Ra4 69. Rb8 Rf4 70. Ra8 Kh3 71. Rh8+ Kg4 72. Rb8 Rf3 73. Kg2 Rf2+ 74. Kg1 Rf4 75. Kg2 Rf2+ 76. Kg1 Rf4 1/2-1/2


[Site "https://www.chess.com"]

[Event "Titled Tuesday Blitz July 18 Early 2023"]
[White "demon64fields"]
[Black "Tqebuchava, Zurab"]
[BlackFideId "13601113"]
[WhiteElo "2897"]
[BlackElo "2107"]
[Result "1-0"]
[Round "2"]
[TimeControl "180+2"]
[Date "2023.07.18"]
[WhiteClock "0:02:05"]
[BlackClock "0:00:00"]
[Board "119"]

1. e4 d6 2. d4 Nf6 3. Nc3 Nbd7 4. Nf3 e5 5. h3 Be7 6. Be3 O-O 7. g4 exd4 8. Nxd4 Nc5 9. Bg2 Re8 10. g5 Nfd7 11. f4 Nf8 12. O-O a6 13. h4 b5 14. Nf5 Bxf5 15. exf5 Rb8 16. Nd5 c6 17. Bxc5 dxc5 18. Nc3 Qxd1 19. Raxd1 b4 20. Ne4 Red8 21. b3 Rxd1 22. Rxd1 Rd8 23. Rxd8 Bxd8 24. Kf1 Be7 25. Nd2 Nd7 26. Bxc6 Nb6 27. Ke2 Bd6 28. Ke3 Kf8 29. Ne4 Ke7 30. h5 Bb8 31. Nxc5 Kd6 32. Nxa6 Kxc6 33. Nxb8+ Kb7 34. Kd4 Kxb8 35. g6 fxg6 36. fxg6 hxg6 37. hxg6 Kc7 38. Kc5 Nd7+ 39. Kxb4 Kc6 40. a4 Nf6 41. Kc4 Nh5 42. f5 Ng3 43. f6 1-0


[Site "https://www.chess.com"]

[Event "Titled Tuesday Blitz July 18 Early 2023"]
[White "Wagh Suyog"]
[Black "Bazilius, Augustinas"]
[WhiteFideId "25071688"]
[BlackFideId "12832251"]
[WhiteElo "2827"]
[BlackElo "2400"]
[Result "1-0"]
[Round "2"]
[TimeControl "180+2"]
[Date "2023.07.18"]
[WhiteClock "0:02:20"]
[BlackClock "0:02:27"]
[Board "120"]

1. d4 e6 2. e4 d5 3. Bd3 dxe4 4. Bxe4 c5 5. Ne2 Nf6 6. Bf3 Nc6 7. Be3 Be7 8. O-O O-O 9. Bxc6 bxc6 10. dxc5 Bxc5 1-0


[Site "https://www.chess.com"]

[Event "Titled Tuesday Blitz July 18 Early 2023"]
[White "Hoffmann, Asa"]
[Black "Oro, Faustino"]
[WhiteFideId "2001470"]
[BlackFideId "20000197"]
[WhiteElo "2395"]
[BlackElo "2788"]
[Result "0-1"]
[Round "2"]
[TimeControl "180+2"]
[Date "2023.07.18"]
[WhiteClock "0:00:37"]
[BlackClock "0:00:11"]
[Board "121"]

1. d4 d5 2. Bg5 c5 3. dxc5 Qa5+ 4. Nc3 e6 5. e4 Bxc5 6. exd5 Ne7 7. Bb5+ Kf8 8. dxe6 Bxe6 9. Ne2 a6 10. Bd3 Nbc6 11. O-O Bxf2+ 12. Rxf2 Qxg5 13. Ne4 Qe5 14. N2c3 g6 15. Qf1 Kg7 16. Re1 Rhd8 17. h4 Bf5 18. Ng5 Qd4 19. Nf3 Bxd3 20. Nxd4 Bxf1 21. Nxc6 Nxc6 22. Rexf1 f5 23. g4 fxg4 24. Rf7+ Kh6 25. Rxb7 Ne5 26. Ne4 Nf3+ 27. Kg2 Rf8 28. Ng5 Nxh4+ 29. Kg3 Kxg5 30. Rxf8 Rxf8 31. Rxh7 Rf3+ 32. Kh2 Rh3+ 33. Kg1 Nf3+ 34. Kg2 Rxh7 35. Kf2 Kf4 36. Ke2 Rd7 0-1


[Site "https://www.chess.com"]

[Event "Titled Tuesday Blitz July 18 Early 2023"]
[White "Schmakel, Sam"]
[Black "Rodriguez Santiago, Jaime"]
[WhiteFideId "2039311"]
[BlackFideId "3100898"]
[WhiteElo "2766"]
[BlackElo "2391"]
[Result "1-0"]
[Round "2"]
[TimeControl "180+2"]
[Date "2023.07.18"]
[WhiteClock "0:00:07"]
[BlackClock "0:00:00"]
[Board "122"]

1. Nf3 Nf6 2. b3 d5 3. Bb2 c5 4. e3 Nc6 5. Bb5 e6 6. O-O Bd6 7. d3 O-O 8. Bxc6 bxc6 9. Ne5 Bb7 10. Nd2 Nd7 11. Nxd7 Qxd7 12. f4 a5 13. a4 Ba6 14. Rf3 f6 15. Rh3 e5 16. fxe5 fxe5 17. e4 Rae8 18. Qh5 g6 19. Qe2 c4 20. bxc4 Bc5+ 21. Kh1 Rf2 22. Qe1 Ref8 23. Bxe5 dxc4 24. d4 Bxd4 25. Bxd4 Qxd4 26. Nf3 R2xf3 27. Rxf3 Re8 28. c3 Qe5 29. Rb1 c5 30. Rb6 Bc8 31. h3 Rd8 32. Qf1 Be6 33. Rf6 Bxh3 34. Qxc4+ Kh8 35. Qe2 1-0


[Site "https://www.chess.com"]